Map: [ESL] Oceanborn

Players

SCV

  • Race: Protoss Protoss
  • Spawn Location: 5:00

Coffee - Winner!

  • Race: Terran Terran
  • Spawn Location: 11:00

Event: ESL SC2 Masters 2024 Spring (Regional)

VOD

Have the link to the VOD?

Description

Time

  • Played on: April 16, 2024, 8:54 a.m.
  • Length: 10:25

All games in this series

Show
View Real Time Build Order
Export as new Build Order

SCV Protoss 

Build Orders: Blink Stalkers 

Get SALT Encoding   

  12  0:00  Probe  
  13  0:12  Probe  
  14  0:17  Pylon  
  14  0:24  Probe (Chrono Boost)  
  16  0:36  Probe (Chrono Boost)  
  16  0:37  Gateway  
  16  0:43  Probe (Chrono Boost)  
  16  0:46  Assimilator  
  17  0:51  Probe  
  18  1:03  Probe  
  19  1:15  Probe  
  20  1:24  Cybernetics Core  
  20  1:27  Probe  
  21  1:36  Pylon  
  21  1:39  Probe  
  22  1:54  Nexus  
  22  1:58  Adept (Chrono Boost)  
  24  2:02  Warp Gate  
  24  2:05  Probe  
  25  2:09  Assimilator  
  25  2:18  Probe, Adept (Chrono Boost)  
  28  2:30  Probe  
  28  2:31  Twilight Council  
  29  2:42  Probe  
  30  2:54  Probe  
  31  2:59  Gateway  
  31  3:03  Blink (Chrono Boost)  
  31  3:05  Stalker  
  33  3:06  Probe  
  33  3:08  Probe  
  35  3:18  Probe  
  36  3:20  Probe  
  37  3:27  Gateway  
  37  3:31  Probe  
  37  3:32  Probe  
  39  3:36  Robotics Facility  
  39  3:43  Probe  
  39  3:44  Probe  
  39  3:45  Pylon  
  40  3:51  Stalker  
  40  3:55  Probe  
  43  3:56  Probe  
  43  3:57  Shield Battery  
  44  4:07  Probe  
  44  4:12  Probe  
  43  4:17  Stalker  
  46  4:25  Observer  
  46  4:26  Pylon  
  46  4:36  Pylon  
  46  4:39  Assimilator  
  46  4:43  Nexus  
  46  4:44  Pylon, Probe x2  
  48  4:46  Observer  
  48  4:52  Stalker x2  
  53  4:56  Probe x2  
  55  5:00  Stalker  
  55  5:05  Shield Battery  
  57  5:08  Probe x2  
  57  5:10  Charge (Chrono Boost)  
  59  5:15  Gateway  
  59  5:20  Probe x2  
  64  5:36  Stalker x3  
  67  5:44  Pylon  
  67  5:55  Immortal (Chrono Boost), Shield Battery  
  67  5:56  Probe  
  69  5:59  Stalker  
  69  6:00  Stalker  
  76  6:05  Stalker  
  76  6:07  Probe  
  76  6:08  Probe  
  76  6:09  Probe  
  78  6:20  Stalker  
  78  6:24  Immortal (Chrono Boost)  
  80  6:29  Stalker x2  
  84  6:33  Stalker  
  86  6:45  Stalker, Probe  
  73  6:52  Zealot x2  
  73  6:53  Immortal (Chrono Boost)  
  77  6:56  Zealot  
  69  7:10  Zealot  
  69  7:13  Zealot x2  
  73  7:17  Zealot, Observer  
  73  7:20  Gateway  
  73  7:22  Probe x3, Gateway  
  78  7:34  Probe x2 (Chrono Boost)  
  78  7:35  Robotics Bay  
  81  7:37  Probe (Chrono Boost)  
  81  7:42  Sentry  
  83  7:46  Probe x2 (Chrono Boost)  
  83  7:50  Pylon, Probe (Chrono Boost)  
  86  7:52  Assimilator, Probe x2 (Chrono Boost)  
  86  7:53  Gateway  
  86  7:55  Observer  
  86  7:57  Robotics Bay  
  88  8:02  Probe  
  89  8:11  Zealot x4  
  97  8:15  Pylon  
  97  8:16  Pylon  
  97  8:19  Stalker x2  
  100  8:33  Stalker x4  
  100  8:45  Stalker  
  95  8:52  Zealot x2  
  99  8:58  Zealot x4  
  99  9:00  Disruptor (Chrono Boost)  
  99  9:02  Pylon  
  105  9:04  Pylon  
  105  9:15  Zealot x3  
  101  9:26  Zealot x4  
  107  9:32  Pylon  
  107  9:34  Pylon  
  105  9:42  Zealot x2  
  105  9:43  Zealot  
  93  9:55  Stalker x3  
  93  9:56  Stalker  
  69  10:07  Zealot x3  
  69  10:10  Zealot x2  
  69  10:11  Zealot  
Show
View Real Time Build Order
Export as new Build Order

Coffee Terran - Winner!

Build Orders: 1/1/1 

Get SALT Encoding   

  12  0:00  SCV  
  13  0:12  SCV  
  14  0:17  Supply Depot  
  14  0:24  SCV  
  14  0:27  Refinery  
  15  0:38  SCV  
  16  0:45  Barracks  
  16  0:50  SCV  
  17  1:02  SCV  
  18  1:14  Engineering Bay  
  18  1:15  SCV  
  19  1:34  Marine  
  19  1:35  Orbital Command  
  19  1:38  Factory  
  20  1:53  Barracks Reactor  
  20  1:55  Supply Depot  
  20  2:02  SCV  
  21  2:14  SCV  
  22  2:21  Command Center  
  22  2:28  Starport  
  22  2:38  Hellion x2  
  22  2:41  SCV  
  27  2:59  Supply Depot, Hellion x2  
  31  3:16  Refinery  
  31  3:20  SCV, Medivac, Barracks  
  34  3:27  Factory Tech Lab  
  34  3:28  Marine x2  
  36  3:36  Orbital Command  
  36  3:40  SCV  
  37  3:47  Marine x2  
  42  3:55  Siege Tank  
  42  3:59  SCV  
  41  4:10  Orbital Command  
  41  4:14  Marine x2  
  41  4:16  SCV, Barracks Tech Lab  
  42  4:28  SCV  
  42  4:31  Siege Tank  
  46  4:32  Marine x2  
  46  4:37  SCV  
  49  4:39  Supply Depot  
  49  4:41  SCV  
  50  4:46  Stimpack  
  50  4:47  Marine  
  50  4:50  SCV, Marine  
  53  4:53  SCV, Supply Depot  
  54  5:03  SCV  
  54  5:05  SCV  
  54  5:06  Siege Tank  
  59  5:14  Supply Depot  
  59  5:15  SCV  
  59  5:17  Marine x2  
  59  5:18  Marine  
  63  5:21  Liberator  
  63  5:23  SCV  
  63  5:27  SCV, Supply Depot  
  68  5:33  Refinery  
  68  5:35  SCV, Engineering Bay  
  68  5:37  Marine x3  
  68  5:39  SCV  
  73  5:47  Siege Tank  
  73  5:48  SCV  
  77  5:51  SCV  
  77  5:55  Marine x3  
  79  5:58  Supply Depot  
  79  6:00  SCV  
  79  6:03  SCV  
  78  6:12  Marine  
  78  6:13  Marine  
  76  6:21  Marine  
  76  6:22  Siege Tank, Bunker  
  76  6:23  Bunker  
  75  6:30  Marine x2  
  75  6:31  Liberator  
  75  6:32  SCV x2  
  81  6:39  Marine  
  75  6:48  Marine x2  
  75  6:49  SCV x2  
  78  6:54  Siege Tank, Bunker  
  78  6:57  Bunker, Marine  
  82  7:01  SCV  
  82  7:06  Marine x2  
  77  7:10  SCV  
  77  7:12  Terran Infantry Weapons Level 1, Combat Shield  
  77  7:15  Marine  
  76  7:17  Barracks  
  75  7:23  Starport Reactor  
  75  7:24  SCV, Marine x2  
  75  7:29  Siege Tank  
  81  7:32  SCV, Barracks  
  81  7:33  Marine  
  83  7:37  Barracks  
  83  7:40  SCV  
  83  7:43  Refinery  
  84  7:44  SCV  
  84  7:47  Marine x2  
  84  7:51  Supply Depot  
  87  7:52  SCV, Supply Depot  
  88  8:00  Marauder  
  88  8:01  Medivac x2  
  94  8:06  Barracks Tech Lab  
  94  8:12  Marine x2  
  96  8:16  Supply Depot  
  96  8:17  Siege Tank  
  96  8:18  Supply Depot  
  98  8:22  Barracks Tech Lab  
  98  8:26  Barracks Reactor  
  98  8:28  Marauder x2  
  97  8:46  Marine x3  
  97  8:49  Marauder  
  97  8:53  Siege Tank, Marauder  
  102  8:58  SCV x2  
  101  9:04  Marine x4  
  101  9:05  Medivac  
  106  9:10  SCV  
  105  9:22  Marine x2  
  102  9:24  Marine x2  
  102  9:28  SCV  
  102  9:40  Marauder  
  100  9:51  Marine x2  
  100  9:52  Marine  
  93  9:58  Marine  
  86  10:03  Marine  
Tags
 
Add a new tag
Caveats
  • Supply blocks, unpowered buildings, or Contaminate may cause inaccurate times.
  • Supply counts are checked every 10 seconds.